 Dungeon Crawl Stone Soup version 0.26-a0-738-g91b530ce93 (webtiles) character file.

Game seed: 2378668152823011891

22960 Peloso the Fencer (level 12, -7/107 HPs)
             Began as a Minotaur Fighter on Nov 5, 2020.
             Was the Champion of Okawaru.
             Splashed by an oklob plant's acid (13 damage)
             ... on level 1 of the Lair of Beasts.
             The game lasted 00:33:18 (14501 turns).

Peloso the Fencer (Minotaur Fighter)               Turns: 14501, Time: 00:33:19

Health: -7/107     AC: 14    Str: 23    XL:     12   Next: 67%
Magic:  0/12       EV: 10    Int:  4    God:    Okawaru [******]
Gold:   1020       SH: 13    Dex: 13    Spells: 11/11 levels left

rFire    + . .     SeeInvis .   a - +0 double sword (holy)
rCold    x . .     Faith    .   c - +0 kite shield
rNeg     + . .     Spirit   +   M - +0 plate armour
rPois    +         Reflect  .   N - +1 hat
rElec    .         Harm     .   u - +2 ratskin cloak {*Rats rPois rN+ Str-1 Int-1 Dex+1}
rCorr    .         Rampage  +   x - +0 pair of gloves
MR       .....     Clarity  +   T - +0 pair of boots {rampage}
Stlth    ..........             D - amulet of guardian spirit
HPRegen  0.27/turn              j - +4 ring of protection
MPRegen  0.13/turn              P - ring of fire

@: corroded
A: retaliatory headbutt, beak, horns 2, clarity, sturdy frame 1
a: Heroism, Finesse, Renounce Religion


You were on level 1 of the Lair of Beasts.
You worshipped Okawaru.
Okawaru was exalted by your worship.
You visited 2 branches of the dungeon, and saw 13 of its levels.

You collected 1020 gold pieces.

Inventory:

Hand Weapons
 a - a +0 double sword of holy wrath (weapon)
 b - a +1 dagger of flaming
Missiles
 m - 101 bolts
Armour
 c - a +0 kite shield (worn)
 u - the +2 ratskin cloak (worn) {*Rats rPois rN+ Str-1 Int-1 Dex+1}
   (You found it on level 5 of the Dungeon)

   It affects your strength (-1).
   It affects your intelligence (-1).
   It affects your dexterity (+1).
   It protects you from poison.
   It protects you from negative energy.
 x - a +0 pair of gloves (worn)
 M - a +0 plate armour (worn)
 N - a +1 hat (worn)
 T - a +0 pair of boots of rampaging (worn)
Jewellery
 j - a +4 ring of protection (left hand)
 s - an uncursed ring of protection from cold {unknown}
 D - an amulet of guardian spirit (around neck)
 H - an uncursed ring of poison resistance
 I - an uncursed ring of positive energy
 P - a ring of fire (right hand)
 U - an uncursed ring of protection from fire {unknown}
Wands
 f - a wand of paralysis (3)
 y - a wand of enslavement (6)
 z - a wand of disintegration (28)
 K - a wand of digging (9)
 O - a wand of random effects (32)
 R - a wand of flame (25)
Scrolls
 e - a scroll of identify
 g - 6 scrolls of blinking
 h - 4 scrolls of remove curse
 k - 3 scrolls of amnesia
 l - 2 scrolls of magic mapping
 n - 11 scrolls of teleportation
 o - a scroll of enchant weapon
 p - a scroll of noise {unknown}
 q - a scroll of enchant armour
 r - a scroll of fear
 v - 5 scrolls of fog {unknown}
 J - a scroll of brand weapon
Potions
 d - 2 potions of might
 i - 6 potions of curing
 t - 2 potions of mutation
 w - 4 potions of heal wounds
 A - 3 potions of brilliance {unknown}
 B - 4 potions of flight {unknown}
 C - 3 potions of berserk rage
 E - 2 potions of haste {unknown}
 F - a potion of magic
 G - 3 potions of stabbing {unknown}
 Q - 2 potions of lignification {unknown}
Miscellaneous
 L - a phial of floods


   Skills:
 + Level 10.3 Fighting
 + Level 15.1 Long Blades
 + Level 11.6 Armour
 + Level 5.8 Dodging
 + Level 1.4 Stealth
 + Level 12.1 Shields
 + Level 2.0 Invocations


You had 11 spell levels left.
You didn't know any spells.
Your spell library contained the following spells:

 Spells                   Type           Power        Failure   Level
 Poisonous Vapours        Pois/Air       #.....       100%        2
 Conjure Flame            Conj/Fire      #.......     100%        3
 Mephitic Cloud           Conj/Pois/Air  #.......     100%        3
 Cause Fear               Hex            #.........   100%        4
 Silence                  Hex/Air        #.........   100%        5
 Yara's Violent Unravell  Hex/Tmut       #.........   100%        5
 Freezing Cloud           Conj/Ice/Air   #.........   100%        6
 Discord                  Hex            #.........   100%        8


Dungeon Overview and Level Annotations

Branches:
Dungeon (12/15)            Temple (0/1) D:7            Lair (1/6) D:9
    Orc (0/2) D:12

Altars:
Fedhas
Makhleb
Okawaru
Qazlal
Ru
Sif Muna
Trog
Vehumet
Wu Jian
Xom
Yredelemnul
Zin
The Shining One
Lugonu

Shops:
D:4 :   D:8 (((

Annotations:
Lair:1 2 transporters, exclusion: oklob plant, tape's ghost, journeyman OpVM


Innate Abilities, Weirdness & Mutations

You reflexively headbutt those who attack you in melee.
You have a pair of horns on your head.
You have a beak for a mouth.
You possess an exceptional clarity of mind.
Your movements are slightly less encumbered by armour. (ER -2)


Message History

The splash of acid hits you!
You are splashed with acid!
* * * LOW HITPOINT WARNING * * *
Unknown command.
The oklob plant spits acid at you. The splash of acid hits you!
* * * LOW HITPOINT WARNING * * *
You are splashed with acid!
* * * LOW HITPOINT WARNING * * *
You feel much better. The oklob plant spits acid at you.
The splash of acid hits you!
* * * LOW HITPOINT WARNING * * *
The acid corrodes you!
You are splashed with acid!
* * * LOW HITPOINT WARNING * * *
Unknown command.
The oklob plant spits acid at you. The splash of acid hits you.
* * * LOW HITPOINT WARNING * * *
The acid corrodes you!
You are splashed with acid!
You die...

♣.......[...PPP.......#
P♣..........PPP[......
♣♣♣.........PPP....#
♣♣...........(.....#
♣♣♣.♣♣.............#
♣.♣♣.♣....#.......#
♣♣♣..♣.....##......#
♣.♣.......# ##....P#
.♣).♣♣♣...# ##.@.##
..)♣......# ##...#
..♣.......# #..(#
P...##....# ##.## ###
....#.....## #..####.#
#..........# #...#..##
...........# ##.#....#
#.........## #.....##
#.........## #....###


You could see an oklob plant.

Vanquished Creatures
  Gastronok (Lair:1)
  A two-headed ogre (D:12)
  A death knight (D:10)
  An ogre mage (D:10)
  A tengu warrior (D:10)
  An unseen horror (D:12)
  2 cyclopes (D:12)
  A black mamba (Lair:1)
  A centaur skeleton (D:12)
  A gargoyle (D:8)
  2 cane toads (Lair:1)
  3 komodo dragons
  A rime drake (Lair:1)
  4 kobold demonologists
  2 trolls (D:11)
  A slime creature (D:10)
  Sigmund (D:3)
  4 wyverns
  33 yaks
  2 basilisks
  Grum (Lair:1)
  5 vampire mosquitoes
  An acid dragon (D:10)
  3 water moccasins
  9 orc warriors
  A swamp drake (D:9)
  2 sky beasts
  An ogre (D:7)
  An eye of draining (D:9)
  4 wolves (Lair:1)
  A black bear (D:7)
  4 phantoms
  5 centaurs
  11 bullfrogs
  A water moccasin skeleton (D:9)
  6 scorpions
  7 killer bees
  8 howler monkeys
  9 wights
  A crimson imp (D:6)
  3 centaur zombies
  2 quasits
  3 hounds
  3 jellies
  10 orc wizards
  6 orc priests
  2 bullfrog skeletons
  5 iguanas
  A hell rat (D:5)
  8 worker ants
  A killer bee zombie (D:6)
  3 hound skeletons
  A worker ant zombie (D:8)
  5 gnolls
  12 adders
  6 river rats (D:5)
  A shadow imp (D:9)
  A white imp (D:2)
  A worker ant simulacrum (D:10)
  2 ufetubi
  An ooze (D:4)
  3 adder skeletons
  An adder zombie (D:9)
  5 worms
  A dart slug (D:4)
  3 leopard geckos
  36 orcs
  3 giant cockroaches
  11 goblins
  4 hobgoblins
  8 jackals
  4 quokkas
  2 ball pythons
  2 ball python skeletons (D:5)
  5 bats
  5 frilled lizards
  9 kobolds
  2 quokka skeletons
  A quokka zombie (D:5)
  26 rats
353 creatures vanquished.

Vanquished Creatures (collateral kills)
  A troll (D:10)
  A jelly (D:7)
  2 orcs (D:12)
4 creatures vanquished.

Vanquished Creatures (others)
  A howler monkey (D:5)
  An orc wizard (D:5)
  An orc (D:6)
  2 demonic plants (D:12)
  A plant (Lair:1)
6 creatures vanquished.

Grand Total: 363 creatures vanquished

Notes
Turn   | Place    | Note
-------+----------+-------------------------------------------
     0 | D:1      | Peloso the Minotaur Fighter began the quest for the Orb.
     0 | D:1      | Reached XP level 1. HP: 19/19 MP: 0/0
   235 | D:1      | Reached XP level 2. HP: 24/27 MP: 1/1
  1242 | D:2      | Reached XP level 3. HP: 34/34 MP: 2/2
  1421 | D:2      | Reached skill level 3 in Long Blades
  1426 | D:2      | Gained mutation: You have a beak for a mouth. [potion of
                  | mutation]
  1426 | D:2      | Gained mutation: Your movements are slightly less
                  | encumbered by armour. (ER -2) [potion of mutation]
  1426 | D:2      | Gained mutation: You possess an exceptional clarity of
                  | mind. [potion of mutation]
  1478 | D:2      | Reached XP level 4. HP: 41/41 MP: 3/3
  1571 | D:2      | Found a basalt altar of Yredelemnul.
  1580 | D:2      | Found a glowing silver altar of Zin.
  2006 | D:3      | Noticed Sigmund
  2140 | D:4      | Noticed a phantom
  2170 | D:4      | Killed a phantom
  2170 | D:4      | Reached skill level 1 in Dodging
  2170 | D:4      | Reached XP level 5. HP: 39/47 MP: 4/4
  2304 | D:4      | Reached skill level 4 in Long Blades
  2304 | D:4      | Reached skill level 5 in Armour
  2304 | D:4      | Reached skill level 5 in Shields
  2304 | D:4      | Reached XP level 6. HP: 49/55 MP: 5/5
  2499 | D:4      | Found an iron altar of Okawaru.
  2516 | D:4      | Became a worshipper of Warmaster Okawaru
  2618 | D:4      | Reached skill level 5 in Fighting
  2797 | D:4      | Found Raburad's Book Shoppe.
  2845 | D:4      | Found a blossoming altar of Fedhas.
  2952 | D:5      | Entered Level 5 of the Dungeon
  3120 | D:5      | Reached XP level 7. HP: 35/61 MP: 6/6
  3121 | D:5      | Reached skill level 5 in Long Blades
  3652 | D:5      | Found a shimmering altar of Xom.
  3682 | D:5      | Reached * piety under Okawaru
  3854 | D:5      | Found the +2 ratskin cloak {*Rats rPois rN+ Str-1 Int-1
                  | Dex+1}
  4027 | D:5      | Reached skill level 6 in Long Blades
  4350 | D:3      | Killed Sigmund
  4350 | D:3      | Reached XP level 8. HP: 63/70 MP: 7/7
  4771 | D:6      | Found a radiant altar of Vehumet.
  4772 | D:6      | Found a burning altar of Makhleb.
  4819 | D:6      | Found a glowing golden altar of the Shining One.
  4933 | D:6      | Reached ** piety under Okawaru
  4933 | D:6      | Reached skill level 7 in Long Blades
  5154 | D:6      | Found a shimmering blue altar of Sif Muna.
  5486 | D:6      | Found a sacrificial altar of Ru.
  5802 | D:7      | Reached skill level 8 in Long Blades
  6002 | D:7      | Found a stormy altar of Qazlal.
  6037 | D:7      | Found a staircase to the Ecumenical Temple.
  6068 | D:7      | Reached XP level 9. HP: 78/78 MP: 8/8
  6118 | D:7      | Reached *** piety under Okawaru
  6881 | D:8      | Found Arijaf's Antique Weapon Shop.
  6881 | D:8      | Found Sedgh's Weapon Shoppe.
  6946 | D:8      | Reached skill level 9 in Long Blades
  7210 | D:8      | Noticed a moth of wrath
  7212 | D:8      | Found a bloodstained altar of Trog.
  7248 | D:8      | Got a brightly glowing trident
  7338 | D:8      | Noticed a gargoyle
  7349 | D:8      | Killed a gargoyle
  7349 | D:8      | Reached **** piety under Okawaru
  7481 | D:8      | Found Ijag's Antique Weapon Emporium.
  7909 | D:9      | Reached skill level 10 in Long Blades
  7909 | D:9      | Reached skill level 1 in Stealth
  8027 | D:9      | Reached XP level 10. HP: 81/86 MP: 9/9
  8061 | D:9      | Reached ***** piety under Okawaru
  8153 | D:9      | Found a staircase to the Lair.
  8277 | D:9      | Reached skill level 11 in Long Blades
  8511 | D:9      | Found an ornate altar of the Wu Jian Council.
  8728 | D:9      | Identified the +6 trident of Chance {vorpal, +Rage rPois
                  | MR+} (You found it on level 8 of the Dungeon)
  8771 | D:9      | Reached skill level 10 in Armour
  9082 | D:10     | Entered Level 10 of the Dungeon
  9247 | D:10     | Noticed a death knight
  9517 | D:9      | Noticed a sixfirhy
  9535 | D:10     | Killed a death knight
  9535 | D:10     | Reached skill level 12 in Long Blades
  9673 | D:10     | Noticed a tengu warrior
  9679 | D:10     | Killed a tengu warrior
  9679 | D:10     | Received a gift from Okawaru
  9679 | D:10     | Reached skill level 1 in Invocations
  9679 | D:10     | Reached XP level 11. HP: 86/94 MP: 8/10
  9694 | D:10     | Got a fine battleaxe {god gift}
  9695 | D:10     | Identified the +7 battleaxe of Giathraut {freeze, Str+2
                  | SInv} (Okawaru gifted it to you on level 10 of the Dungeon)
  9720 | D:10     | Noticed an ogre mage
  9753 | D:10     | Killed an ogre mage
  9753 | D:10     | Reached skill level 5 in Dodging
  9902 | D:10     | Reached skill level 10 in Shields
 11764 | D:12     | Reached skill level 13 in Long Blades
 11780 | D:12     | Reached ****** piety under Okawaru
 11787 | D:12     | Received a gift from Okawaru
 12043 | D:12     | Found a staircase to the Orcish Mines.
 12291 | D:12     | Killed an unseen horror
 12357 | D:12     | Noticed a two-headed ogre
 12364 | D:12     | Killed a two-headed ogre
 12364 | D:12     | Received a gift from Okawaru
 12364 | D:12     | Reached XP level 12. HP: 101/104 MP: 12/12
 12367 | D:12     | Got an ancient chain mail {god gift}
 12378 | D:12     | Identified the +0 chain mail of the Illusory Stars {Rampage
                  | +Inv Regen+ Dex-5} (Okawaru gifted it to you on level 12 of
                  | the Dungeon)
 12570 | D:12     | Reached skill level 14 in Long Blades
 12888 | D:12     | Found a corrupted altar of Lugonu.
 13213 | Lair:1   | Entered Level 1 of the Lair of Beasts
 13374 | Lair:1   | Noticed tape's ghost (journeyman OpVM)
 13378 | Lair:1   | Found a transporter.
 13396 | Lair:1   | Found a transporter.
 13446 | Lair:1   | Reached skill level 10 in Fighting
 13749 | Lair:1   | Noticed Grum
 13759 | Lair:1   | Killed Grum
 14239 | Lair:1   | Noticed Gastronok
 14251 | Lair:1   | Killed Gastronok
 14251 | Lair:1   | Reached skill level 15 in Long Blades
 14501 | Lair:1   | Splashed by an oklob plant's acid

Illustrated notes

Levels and vault maps discovered:
D:1:      minmay_arrival_shattered_statue, layout_basic
D:2:      layout_rooms, yredelemnul_altar_generic, zin_academy
D:3:      layout_rooms, nicolae_underground_beach, uniq_sigmund
D:4:      layout_loops_ring, fedhas_altar_1, serial_shops, kennysheep_mini_moat,
          okawaru_altar_gauntlet_db
D:5:      wander_guarded_unrand_ratskin, layout_cave_pods, xom_confusion_cloud,
          columned_hall_lemuel
D:6:      layout_basic, kennysheep_mini,
          grunt_temple_overflow_lords_of_destruction, tso_oasis_becter,
          nicolae_ru_great_annihilating_truth, serial_corexii_hall,
          chequers_hall_statues_y, corexii_hall_statues_t
D:7:      layout_basic, lemuel_crystal_altar, minmay_temple_entry_crystal_x,
          dk_noncrumbling_4, minmay_joined_circles
D:8:      layout_basic, tgw_trog, serial_shops, nicolae_shop_window_shopping,
          shop, shop, skrybe_limestone_x
D:9:      layout_gridville, overflow_temple_1_default, erik_lair_dragon
D:10:     layout_loops_ring, minivault_28
D:11:     layout_loops_corners
D:12:     kennysheep_kobold_lugonu_temple, layout_basic, david_orc_4
Lair:1:   layout_layer_cave, gammafunk_ghost_arena,
          chequers_serial_rivers_micro_d, minmay_lair_oklob_bushes,
          wad_woods_03, uniq_grum, uniq_gastronok

Skill      XL: |  1  2  3  4  5  6  7  8  9 10 11 12 |
---------------+-------------------------------------+-----
Fighting       | 4 5 6 7 8 9 10 | 10.3
Armour         | 4 5 6 7 9 10 11 | 11.6
Long Blades    | 3 4 6 8 10 12 13 15 | 15.1
Shields        | 4 5 6 7 8 9 11 12 | 12.1
Dodging        | 1 2 3 4 5 |  5.8
Stealth        | 1 |  1.4
Invocations    | 1 2 |  2.0

Action                   |  1- 3 |  4- 6 |  7- 9 | 10-12 || total
-------------------------+-------+-------+-------+-------++-------
Melee: Long sword        |    81 |   112 |   309 |       ||   502
       Headbutt          |    11 |    20 |    91 |   166 ||   288
       Peck              |       |    22 |    64 |   150 ||   236
       Scimitar          |       |       |    55 |   340 ||   395
       Double sword      |       |       |       |   248 ||   248
Invok: Heroism           |       |       |       |     6 ||     6
       Finesse           |       |       |       |     1 ||     1
  Use: Potion            |     3 |     3 |     1 |     2 ||     9
       Scroll            |       |     8 |       |     5 ||    13
 Stab: Paralysed         |       |       |     1 |       ||     1
       Confused          |       |       |     1 |       ||     1
Armor: Scale mail        |    49 |    49 |       |       ||    98
       Chain mail        |       |    28 |   198 |    88 ||   314
       Plate armour      |       |       |       |   143 ||   143
Dodge: Dodged            |    32 |    52 |   100 |   141 ||   325
Block: Kite shield       |    47 |    88 |   161 |   299 ||   595
       Rpst.: Long sword |     9 |    10 |    24 |       ||    43
       Scimitar          |       |       |     5 |    23 ||    28
       Double sword      |       |       |       |    23 ||    23

Table legend: (Time is in decaauts)
 A = Elapsed time spent in this place.
 B = Non-inter-level travel time spent in this place.
 C = Inter-level travel time spent in this place.
 D = Time resting spent in this place.
 E = Time spent auto-exploring this place.
 F = Levels seen in this place.
 G = Mean time per level.
                   A        B        C        D        E       F      G
               +--------+--------+--------+--------+--------+-----+--------+
         Total |  14494 |  13880 |    614 |    699 |  10127 |  13 | 1114.9 |
       Dungeon |  13229 |  12615 |    614 |    699 |   9076 |  12 | 1102.4 |
          Lair |   1264 |   1264 |      0 |      0 |   1051 |   1 | 1264.0 |
               +--------+--------+--------+--------+--------+-----+--------+

Top non-repeatable levels by time:
     D:9: 1497 daAuts
    D:10: 1413 daAuts
     D:5: 1406 daAuts
    D:12: 1381 daAuts
  Lair:1: 1264 daAuts
     D:7: 1209 daAuts
     D:8: 1090 daAuts
     D:1: 1031 daAuts
     D:4: 998 daAuts
    D:11: 971 daAuts
     D:6: 849 daAuts
     D:2: 736 daAuts
     D:3: 641 daAuts
